 Dungeon Crawl Stone Soup version 0.17.2-1-ge4368a0 (webtiles) character file.

142 magog001 the Skirmisher (level 5, -6/42 HPs)
             Began as a Formicid Abyssal Knight on Oct 31, 2016.
             Was a Believer of Lugonu.
             Mangled by a wight
             ... wielding a +0 dire flail
              (9 damage)
             ... on level 2 of the Dungeon.
             The game lasted 00:15:18 (2729 turns).

magog001 the Skirmisher (Formicid Abyssal Knight)   Turns: 2729, Time: 00:15:22

Health: -6/42      AC:  4    Str: 18    XL:     5   Next: 49%
Magic:  7/7        EV: 11    Int: 11    God:    Lugonu [**....]
Gold:   70         SH:  0    Dex: 10    Spells: 0 memorised, 4 levels left

rFire  . . .     SeeInvis +     a - +1 hand axe
rCold  . . .     Clarity  .     b - +0 leather armour
rNeg   . . .     SustAt   .     (no shield)
rPois  .         Gourm    .     (helmet unavailable)
rElec  .         Spirit   .     (no cloak)
rCorr  .         Warding  .     (no gloves)
rMut   .         Stasis   +     h - +0 pair of boots
MR     .....                    (no amulet)
Stlth  +.........               (no ring)
                                (no ring)

@: drained, not resistant to hostile enchantments, very unstealthy
A: permanent stasis, dig shafts and tunnels, four strong arms, antennae 3
a: Dig, Shaft Self, Depart the Abyss, Bend Space, Renounce Religion


You were on level 2 of the Dungeon.
You worshipped Lugonu.
Lugonu was pleased with you.
You were not hungry.

You visited 1 branch of the dungeon, and saw 3 of its levels.
You visited the Abyss 1 time.

You collected 70 gold pieces.

Inventory:

Hand Weapons
 a - a +1 hand axe (weapon)
 F - a +0 dagger of speed
Missiles
 i - 6 poisoned tomahawks (quivered)
 D - 18 poisoned needles
Armour
 b - a +0 leather armour (worn)
 h - a +0 pair of boots (worn)
 l - a +0 ring mail
 o - a +0 ring mail
 r - a +0 leather armour
 s - a +0 robe
 t - a +0 chain mail
 v - a +0 robe
 x - a +0 robe
 y - a +0 cloak
 z - a +0 ring mail
 C - a cursed -1 leather armour
 G - a +0 robe
 J - a +0 ring mail
Jewellery
 m - the ring of Absolutism {Wiz rElec MR+ MP-9, unknown}
   (You found it on level 1 of the Dungeon)

   [ring of wizardry]

   It improves your spell success rate.
   It insulates you from electricity.
   It affects your resistance to hostile enchantments.
   It affects your magic capacity (-9).
Scrolls
 d - a scroll of remove curse {unknown}
 e - 8 scrolls of identify {unknown}
 k - 2 scrolls of fog {unknown}
 p - a scroll of enchant armour {unknown}
 w - 3 scrolls of recharging {unknown}
 A - a scroll of magic mapping {unknown}
 B - a scroll of blinking {unknown}
 H - a scroll of immolation {unknown}
 I - a scroll of teleportation {unknown}
Potions
 f - 2 potions of might {unknown}
 g - a potion of beneficial mutation {unknown}
 j - a potion of flight {unknown}
 n - a potion of haste {unknown}
 q - a potion of agility {unknown}
 u - 2 potions of heal wounds {unknown}
 E - a potion of lignification {unknown}
Comestibles
 c - 4 bread rations


   Skills:
 + Level 4.1(3.4) Fighting
 + Level 2.7(2.0) Axes
 + Level 0.7(0.0) Throwing
 + Level 3.2(2.5) Armour
 + Level 2.1(1.4) Dodging
 + Level 3.0(2.3) Invocations


You had 4 spell levels left.
You didn't know any spells.

Dungeon Overview and Level Annotations

Branches:
Dungeon (3/15)

Altars:
Cheibriados
Fedhas
Zin


Innate Abilities, Weirdness & Mutations

You are under a permanent stasis effect.
You can dig through walls and to a lower floor.
Your four strong arms can wield two-handed weapons with a shield.
You have a pair of large antennae on your head (SInv).


Message History

You closely miss the wight.
The wight is severely damaged.
The wight barely misses you.
You barely miss the wight.
The wight is severely damaged.
The wight closely misses you.
You hit the wight but do no damage.
The wight is severely damaged.
The wight barely misses you.
You barely miss the wight.
The wight is severely damaged.
The wight barely misses you.
You hit the wight but do no damage.
The wight is severely damaged.
The wight hits you with a dire flail!
* * * LOW HITPOINT WARNING * * *
You feel drained.
* * * LOW HITPOINT WARNING * * *
The wight hits you with a dire flail!
You die...

#...............#
...####.#####.#.#
....###.#####.#.#
...#.......##.#.# ##############
..............#.# #............#
####.##.##.#..#.# #.##########.#
# #.##.##.#..#.# #.# ########.##
####.##.##.#..#.###.###.).......#
...#.##.........@z.....>######..#
##.#.#######........#.### #..#
##..#........)#######.# #..#
...#.#######.## #.# #..# ##.#.#
#...# #.# #..# ##.#.# ###.#.###
#.# #... ...#.# #...#...# #.#
###... ####.# #.#####.# #.#
#..... .....# #...#...# #.#
#.....


You could see a wight.

Vanquished Creatures
  An orc priest (D:3)
  Jessica (D:2)
  2 adders (D:2)
  A gnoll (D:1)
  An ooze (D:1)
  A worm (D:2)
  3 giant geckos
  4 orcs
  7 bats
  2 giant cockroaches
  2 hobgoblins (D:1)
  6 kobolds
  A quokka (D:3)
  6 giant newts (D:1)
  10 goblins
  6 rats
54 creatures vanquished.

Notes
Turn   | Place    | Note
--------------------------------------------------------------
     0 | Abyss:1  | magog001 the Formicid Abyssal Knight began the quest for the Orb.
     0 | Abyss:1  | Reached XP level 1. HP: 18/18 MP: 2/2
    48 | Abyss:1  | Noticed an ancient lich
    58 | Abyss:1  | Found a corrupted altar of Lugonu.
    69 | D:1      | Escaped the Abyss
   145 | D:1      | Reached XP level 2. HP: 21/24 MP: 3/3
   298 | D:1      | Got a scintillating lead ring
   360 | D:1      | Reached skill level 1 in Dodging
   551 | D:1      | Reached XP level 3. HP: 19/30 MP: 4/4
   820 | D:1      | Reached * piety under Lugonu
   988 | D:1      | Reached skill level 4 in Fighting
  1306 | D:2      | Reached XP level 4. HP: 33/37 MP: 6/6
  1634 | D:2      | Found a snail-covered altar of Cheibriados.
  1789 | D:2      | Found a blossoming altar of Fedhas.
  1842 | D:2      | Noticed Jessica
  1842 | D:2      | Reached ** piety under Lugonu
  1849 | D:2      | Killed Jessica
  1859 | D:2      | Found a glowing silver altar of Zin.
  1921 | D:2      | Reached XP level 5. HP: 38/42 MP: 7/7
  2729 | D:2      | Mangled by a wight

Action                   |  1- 3 |  4- 6 || total
-------------------------+-------+-------++-------
Melee: Hand axe          |    84 |    81 ||   165
Throw: Tomahawk          |     1 |    12 ||    13
Invok: Depart the Abyss  |     1 |       ||     1
 Abil: Dig               |     1 |     5 ||     6
  Eat: Chunk             |     2 |       ||     2
       Bread ration      |       |     1 ||     1
